 Dungeon Crawl Stone Soup version 0.28.0-53-g5a82cb258f (webtiles) character file.

Game seed: 2084303687315363403

446 mcbry74 the Ruffian (level 6, -4/55 HPs)
             Began as a Troll Gladiator on July 7, 2022.
             Slain by a killer bee (7 damage)
             ... on level 4 of the Dungeon.
             The game lasted 00:05:37 (1853 turns).

mcbry74 the Ruffian (Troll Gladiator)               Turns: 1853, Time: 00:05:38

Health: -4/55      AC:  4    Str: 23    XL:     6   Next: 73%
Magic:  5/5        EV: 10    Int:  6    God:
Gold:   97         SH:  0    Dex: 11    Spells: 5/5 levels left

rFire   . . .      SeeInvis .     - Unarmed
rCold   . . .      Faith    .   (no shield)
rNeg    . . .      Spirit   .   a - +0 robe
rPois   .          Reflect  .   b - +0 hat
rElec   .          Harm     .   (no cloak)
rCorr   .          Rampage  .   (gloves unavailable)
Will    .....                   (boots unavailable)
Stlth   +.........              (no amulet)
HPRegen 0.98/turn               (no ring)
MPRegen 0.09/turn               (no ring)

@: lethally poisoned (-4 -> -7), on berserk cooldown, slowed, very slow
A: large, unfitting armour, claws 3, regeneration 1, shaggy fur 1, tough skin 1
a: no special abilities


You were on level 4 of the Dungeon.
You visited 1 branch of the dungeon, and saw 4 of its levels.

You collected 97 gold pieces.

Inventory:

Hand Weapons
 g - a +1 flail of holy wrath
Missiles
 c - 3 throwing nets
 d - 61 stones (quivered)
 i - 4 poisoned darts
Armour
 a - a +0 robe (worn)
 b - a +0 hat (worn)
Wands
 h - a wand of charming (2)
Scrolls
 e - 2 scrolls of identify {unknown}


   Skills:
 - Level 1.5 Fighting
 - Level 1.7 Throwing
 - Level 2.4 Dodging
 + Level 7.7 Unarmed Combat


You had 5 spell levels left.
You didn't know any spells.
Your spell library contained the following spells:

 Spells                   Type           Power      Damage    Failure   Level
 Ensorcelled Hibernation  Hex/Ice        0%         N/A       58%         2
 Spider Form              Tmut/Pois      0%         N/A       83%         3
 Anguish                  Hex/Necr       0%         N/A       99%         4


Dungeon Overview and Level Annotations

Branches:
Dungeon (4/15)
 Temple: D:4-7

Altars:


Innate Abilities, Weirdness & Mutations

You are too large for most types of armour.
You have claws for hands.
Your natural rate of healing is unusually fast.
You are covered in fur. (AC +1)
You have tough skin. (AC +1)


Message History

The killer bee poisons you!
You closely miss the killer bee.
You feel very sick. The killer bee misses you.
The killer bee stings you but does no damage.
You scratch the killer bee.
The killer bee is moderately wounded.
You feel very sick. The killer bee stings you.
You are more poisoned.
The killer bee poisons you! The killer bee closely misses you.
The killer bee stings you.
You mangle the killer bee!!
You kill the killer bee!
You feel very sick.
The killer bee stings you but does no damage.
The killer bee stings you.
You barely miss the killer bee.
You feel very sick. The killer bee stings you.
The killer bee stings you but does no damage.
The killer bee stings you.
You are more poisoned.
The killer bee poisons you!
You claw the killer bee!
The killer bee is severely wounded.
You feel very sick. The killer bee barely misses you.
The killer bee stings you.
* * * LOW HITPOINT WARNING * * *
You claw the killer bee!
You kill the killer bee!
You feel very sick. The killer bee closely misses you.
The killer bee stings you.
* * * LOW HITPOINT WARNING * * *
You are lethally poisoned!
The killer bee poisons you!
* * * LOW HITPOINT WARNING * * *
You feel very sick. The killer bee stings you!
You die...

###.########.###
......s.y@...).#
$......#####.#.#
###.... ###.?
#.# #. .. ..


You could see a scorpion and a killer bee.

Vanquished Creatures
  Sigmund (D:2)
  A water moccasin zombie (D:3)
  2 killer bees (D:4)
  Terence (D:2)
  Robin (D:2)
  A gnoll (D:2)
  2 adders
  2 worms (D:2)
  A dart slug (D:2)
  4 orcs (D:3)
  6 endoplasms
  3 giant cockroaches
  6 hobgoblins
  2 jackals (D:2)
  8 kobolds
  2 quokkas
  7 ball pythons
  6 bats
  3 frilled lizards
  14 goblins
  6 rats
79 creatures vanquished.

Notes
Turn   | Place    | Note
-------+----------+-------------------------------------------
     0 | D:1      | mcbry74 the Troll Gladiator began the quest for the Orb.
     0 | D:1      | Reached XP level 1. HP: 19/19 MP: 0/0
   149 | D:1      | Reached XP level 2. HP: 27/27 MP: 1/1
   355 | D:1      | Reached skill level 4 in Unarmed Combat
   381 | D:1      | Found a faded altar of an unknown god.
   461 | D:1      | Reached XP level 3. HP: 27/33 MP: 2/2
  1066 | D:2      | Reached skill level 5 in Unarmed Combat
  1066 | D:2      | Reached XP level 4. HP: 37/41 MP: 3/3
  1252 | D:2      | Noticed Robin
  1268 | D:2      | Killed Robin
  1372 | D:2      | Noticed Sigmund
  1403 | D:2      | Killed Sigmund
  1404 | D:2      | Reached skill level 6 in Unarmed Combat
  1404 | D:2      | Reached XP level 5. HP: 29/48 MP: 4/4
  1554 | D:2      | Noticed Terence
  1563 | D:2      | Killed Terence
  1564 | D:2      | Reached XP level 6. HP: 32/55 MP: 5/5
  1750 | D:3      | Reached skill level 7 in Unarmed Combat
  1853 | D:4      | Slain by a killer bee

Illustrated notes

Levels and vault maps discovered:
D:1:      kilobyte_arrival_exit_the_forest, layout_loops_ring,
          hellmonk_ecumenical_altar_inner_sanctum, hangedman_glass_teeth
D:2:      layout_basic, serial_curves, eino_curves_01, eino_curves_04,
          eino_curves_02, cheibrodos_gnoll_hut, uniq_sigmund, uniq_terence,
          uniq_robin
D:3:      layout_loops_corners, uniq_ijyb
D:4:      layout_loops_ring

Skill      XL: |  1  2  3  4  5  6 |
---------------+-------------------+-----
Unarmed Combat | 4 5 6 7 |  7.7
Fighting       | |  1.5
Throwing       | |  1.7
Dodging        | |  2.4

Action                   |  1- 3 |  4- 6 || total
-------------------------+-------+-------++-------
Melee: Unarmed           |   106 |    81 ||   187
       Punch             |     4 |     3 ||     7
  Use: Potion            |       |     1 ||     1
 Stab: Sleeping          |     2 |     1 ||     3
Armor: Robe              |    27 |    19 ||    46
Dodge: Dodged            |    33 |    30 ||    63
